Cogmind - Beta 11 @@@ ROGUE MODE // 2022.04.10 @ 14:19:42 Player: Jim Result: Destroyed by as-86220 with Assembled Blade Performance ------------- Evolutions (1) 500 Regions Visited (3) 600 Robots Destroyed (9) 45 Value Destroyed (255) 255 Prototype IDs (0) 0 Alien Tech Used (0) 0 Bonus (0) 0 TOTAL SCORE: 1400 Bonus ------- None Cogmind --------- Core Integrity 0/400 Matter 292/300 Energy 100/100 System Corruption 0% Temperature Cool (0) Movement Core (400) Ox7 Location -9/Mines Parts ------- > --- POWER (1) -------- (None) > --- PROPULSION (2) --- (None) > --- UTILITY (4) ------ Heat Sink Large Storage Unit Seismic Detector > --- WEAPON (2) ------- (None) > --- INVENTORY (15) --- Ion Engine Aluminum Leg Aluminum Leg Improved Aluminum Leg Improved Aluminum Leg Improved Aluminum Leg Improved Aluminum Leg Small Storage Unit Medium Matter Pod (0) Propulsion Shielding Propulsion Shielding Advanced Beam Cannon Faulty Advanced Beam Cannon Heavy Assault Rifle Peak State ------------ > --- POWER ------------ Light Ion Engine > --- PROPULSION ------- Light Treads Light Treads > --- UTILITY ---------- Heat Sink Large Storage Unit Seismic Detector Light Armor Plating > --- WEAPON ----------- EM Pulse Gun Medium Laser > --- INVENTORY -------- Ion Engine Ion Engine Aluminum Leg Aluminum Leg Improved Aluminum Leg Improved Aluminum Leg Improved Aluminum Leg Improved Aluminum Leg Small Storage Unit Propulsion Shielding Advanced Beam Cannon Heavy Assault Rifle Grenade Launcher [Rating: 11] Favorites ----------- Power Light Ion Engine Engine Light Ion Engine Propulsion Light Treads Treads Light Treads Leg Aluminum Leg Wheel Wheel Utility Large Storage Unit Device Seismic Detector Storage Large Storage Unit Protection Light Armor Plating Weapon Medium Laser Energy Gun Medium Laser Ballistic Gun Assault Rifle Launcher Grenade Launcher Build | -11 -10 -9 -9 ------- Run | Scr Mat Mat Min Slots Evolved 2 | . . 2 . Power . | . . . . Propulsion . | . . . . Utility 2 | . . 2 . Weapon . | . . . . Parts Attached 14 | 2 3 8 1 Power 2 | . . 2 . Engine 2 | . . 2 . Core . | . . . . Reactor . | . . . . Propulsion 5 | 2 1 2 . Treads 3 | . 1 2 . Leg . | . . . . Wheel 2 | 2 . . . Hover . | . . . . Flight . | . . . . Utility 5 | . 2 3 . Device 2 | . . 2 . Storage 2 | . 2 . . Processor . | . . . . Hackware . | . . . . Protection 1 | . . 1 . Artifact . | . . . . Weapon 2 | . . 1 1 Energy Gun 1 | . . 1 . Energy Cannon . | . . . . Ballistic Gun . | . . . . Ballistic Cannon . | . . . . Launcher 1 | . . . 1 Special Weapon . | . . . . Impact Weapon . | . . . . Slashing Weapon . | . . . . Piercing Weapon . | . . . . Special Melee Weapon . | . . . . Unidentified Prototypes . | . . . . Parts Lost 11 | . 1 3 7 Power 2 | . . 1 1 Propulsion 4 | . 1 1 2 Utility 1 | . . . 1 Weapon 4 | . . 1 3 Highest Loss Streak 7 | . 1 2 7 To Critical Strikes . | . . . . Average Slot Usage (%) 90 | . 89 92 77 Engine 10 | . 14 9 8 Treads 11 | . 6 13 16 Wheel 11 | . 20 8 . Device 12 | . . 16 22 Storage 17 | . 20 16 11 Protection 4 | . . 5 5 Energy Gun 17 | . 14 19 11 Ballistic Gun 5 | . 14 1 . Naked Turns . | . . . . Heaviest Build 34 | 12 32 34 34 Greatest Support 40 | 26 26 40 40 Greatest Overweight (x) 3 | . 3 3 . Average Overweight (x) 1 | . 1 2 . Largest Inventory Capacity 15 | 8 15 15 15 Average Capacity 13 | 8 11 15 15 Most Carried 15 | 6 8 15 15 Average Carried 8 | 6 6 9 14 Final Capacity 15 | 8 15 15 15 Final Carried 15 | 6 6 15 14 Class Distribution -------------------- 100% | Mutant Dominant Class ---------------- Mutant | -10/Materials Mutant | -9/Materials Mutant | -9/Mines Resources | -11 -10 -9 -9 ----------- Run | Scr Mat Mat Min Matter Collected 336 | 170 93 73 . Remotely . | . . . . Salvage Created 319 | . 49 250 20 Parts 19 | . 1 18 . Haulers Intercepted . | . . . . Recyclers Shooed . | . . . . Parts Field Recycled . | . . . . Retrieved Matter . | . . . . Parts Self-Destructed . | . . . . Prevented . | . . . . Kills | -11 -10 -9 -9 ------- Run | Scr Mat Mat Min Combat Hostiles Destroyed 14 | . 1 8 5 Guns 9 | . 1 8 . AOE 5 | . . . 5 Classes Destroyed 4 | . 1 2 1 Swarmer 4 | . . 4 . Grunt 3 | . 1 2 . Sentry 2 | . . 2 . Assembled 5 | . . . 5 Best Kill Streak 5 | . 1 2 5 Combat Bots Only 5 | . 1 2 5 Max Kills in Single Turn 2 | . 1 1 2 Gunslinging . | . . . . Exploded 2 | . . . 2 Melee . | . . . . Uniques/NPCs Destroyed . | . . . . Combat | -11 -10 -9 -9 -------- Run | Scr Mat Mat Min Damage Taken 1424 | . 195 431 798 Core 430 | . 23 111 296 Absorbed by Shields . | . . . . Core Remaining (%) 95 | 100 90 . . Volleys Fired 45 | . 6 32 7 Largest 2 | . 2 2 2 Hottest 90 | . 70 90 90 Shots Fired 82 | . 12 61 9 Gun 78 | . 12 61 5 Cannon . | . . . . Launcher 4 | . . . 4 Special . | . . . . Kinetic 12 | . 6 6 . Thermal 42 | . 6 32 4 Explosive 4 | . . . 4 Electromagnetic 24 | . . 23 1 Robot Hit Streak 16 | . 3 16 3 Robot Miss Streak 4 | . 2 4 1 Penetration Max . | . . . . Secondary Targets 1 | . . 1 . Max Gunslinging Chain 1 | . . 1 . Shots Hit Robots 53 | . 9 41 3 Core Hits 27 | . 4 12 11 Critical Kills . | . . . . Critical Parts Destroyed . | . . . . Critical Strikes 4 | . 1 3 . Burn 4 | . 1 3 . Melee Attacks . | . . . . Impact . | . . . . Slashing . | . . . . Piercing . | . . . . Sneak Attacks . | . . . . Combat Hostiles . | . . . . Follow-up Attacks . | . . . . Damage Inflicted 1120 | . 114 526 480 Guns 647 | . 114 521 12 Cannons . | . . . . Explosions 464 | . . . 464 Melee . | . . . . Ramming 9 | . . 5 4 Kinetic 117 | . 65 52 . Thermal 325 | . 49 264 12 Explosive 464 | . . . 464 Electromagnetic 205 | . . 205 . Impact . | . . . . Slashing . | . . . . Piercing . | . . . . Highest Corruption . | . . . . Average Corruption . | . . . . Corruption Purged . | . . . . Corruption Blocked . | . . . . Overload Shots . | . . . . Overflow Damage . | . . . . Projectiles . | . . . . Explosions . | . . . . Melee . | . . . . Knockbacks . | . . . . Impact . | . . . . Kinetic . | . . . . Secondary . | . . . . Self-Inflicted Damage 65 | . . 2 63 Shots 2 | . . . 2 Rammed 6 | . . 2 4 Targets Rammed 6 | . . 2 4 Kicked . | . . . . Crushed . | . . . . Highest Temperature 132 | . 132 81 15 Average Temperature 43 | . 77 22 9 Received Heat Transfer 249 | . 108 81 60 Siege Activations . | . . . . Robots Corrupted . | . . . . Combat Hostiles . | . . . . Parts Fried 2 | . . 2 . Impact Corruptions . | . . . . Robots Melted . | . . . . Combat Hostiles . | . . . . Parts Melted . | . . . . Heat Transferred 1258 | . 222 999 37 Parts Sabotaged . | . . . . Parts Stolen . | . . . . Parts Stripped . | . . . . Power Chain Reactions . | . . . . Missiles Intercepted . | . . . . Alert | -11 -10 -9 -9 ------- Run | Scr Mat Mat Min Peak Influence 140 | . 35 140 89 Initial 54 | . . 14 54 Average 50 | . 22 60 63 Maximum Alert Level . | . . . . Low Security (%) 100 | 100 100 100 100 Level 1 . | . . . . Level 2 . | . . . . Level 3 . | . . . . Level 4 . | . . . . Level 5 . | . . . . High Security . | . . . . Max Security . | . . . . Squads Dispatched . | . . . . Investigation . | . . . . Extermination . | . . . . Reinforcement . | . . . . Assault . | . . . . Garrison . | . . . . Intercept . | . . . . Searches Triggered . | . . . . Construction Impeded . | . . . . Haulers Reinforced . | . . . . Active Scanning Responses . | . . . . Cargo Convoy Interrupts . | . . . . Stealth | -11 -10 -9 -9 --------- Run | Scr Mat Mat Min Distress Signals . | . . . . Communications Jammed . | . . . . Distress Signals . | . . . . Times Spotted 27 | . 5 12 10 Peak Tracking Total 10 | . 3 4 10 Tactical Retreats 1 | . . 1 . Traps | -11 -10 -9 -9 ------- Run | Scr Mat Mat Min Traps Triggered . | . . . . Indirectly . | . . . . Trap Hack Attempts . | . . . . Triggered . | . . . . Disarmed . | . . . . Reprogrammed . | . . . . Reused . | . . . . Traps Extracted . | . . . . Installed . | . . . . Triggered . | . . . . Machines | -11 -10 -9 -9 ---------- Run | Scr Mat Mat Min Machines Disabled 1 | . . 1 . Max in Single Turn 1 | . . 1 . Machines Sabotaged . | . . . . Garrisons Compromised . | . . . . Overloaded Fab Kills . | . . . . Hacking | -11 -10 -9 -9 --------- Run | Scr Mat Mat Min Machines Accessed 2 | . 1 1 . Terminals 2 | . 1 1 . Fabricators . | . . . . Repair Stations . | . . . . Recycling Units . | . . . . Scanalyzers . | . . . . Garrison Access . | . . . . Total Hacks 7 | . 3 4 . Successful 3 | . 1 2 . Failed 4 | . 2 2 . Catastrophic . | . . . . Database Lockouts . | . . . . Manual . | . . . . Terminals 7 | . 3 4 . Fabricators . | . . . . Repair Stations . | . . . . Recycling Units . | . . . . Scanalyzers . | . . . . Garrison Access . | . . . . Terminal Hacks 3 | . 1 2 . Record 1 | . . 1 . Locate Traps 1 | . 1 . . Zone Layout 1 | . . 1 . Fabricator Hacks . | . . . . Repair Station Hacks . | . . . . Recycling Unit Hacks . | . . . . Scanalyzer . | . . . . Garrison Access Hacks . | . . . . Unauthorized Hacks . | . . . . Terminals . | . . . . Fabricators . | . . . . Repair Stations . | . . . . Recycling Units . | . . . . Scanalyzers . | . . . . Garrison Access . | . . . . Data Cores Recovered . | . . . . Used . | . . . . Hacking Detections 2 | . 1 1 . Full Trace Events 1 | . 1 . . Feedback Events . | . . . . Feedback Blocked . | . . . . Robot Schematics Acquired . | . . . . Robots Built . | . . . . Authchips . | . . . . Time . | . . . . Total Robot Build Rating . | . . . . Part Schematics Acquired . | . . . . Parts Built . | . . . . Authchips . | . . . . Time . | . . . . Total Part Build Rating . | . . . . Parts Repaired . | . . . . Time . | . . . . Parts Recycled . | . . . . Recycled Matter . | . . . . Retrieved Matter . | . . . . Retrieved Components . | . . . . Parts Scanalyzed . | . . . . Part Schematics Acquired . | . . . . Parts Damaged . | . . . . Bothacking | -11 -10 -9 -9 ------------ Run | Scr Mat Mat Min Used RIF Installer . | . . . . Robots Hacked . | . . . . Non-combat . | . . . . Combat . | . . . . Robot Hacks Applied . | . . . . Relay Couplers Released . | . . . . Fabnet Peak Effective % . | . . . . Robots Rewired . | . . . . Allies Hacked . | . . . . Hacks Repelled . | . . . . Allies | -11 -10 -9 -9 -------- Run | Scr Mat Mat Min Total Allies . | . . . . Largest Group . | . . . . Highest-Rated Group . | . . . . Highest-Rated Ally . | . . . . Total Orders . | . . . . Ally Attacks . | . . . . Total Damage . | . . . . Kills . | . . . . Allies Corrupted . | . . . . Allies Melted . | . . . . Intel | -11 -10 -9 -9 ------- Run | Scr Mat Mat Min Robot Analysis Total . | . . . . Derelict Logs Recovered . | . . . . Drone Launches . | . . . . Drone Recoveries . | . . . . Exploration | -11 -10 -9 -9 ------------- Run | Scr Mat Mat Min Turns Passed 936 | 4 248 643 41 Spaces Moved 596 | 2 216 370 8 Core . | . . . . Treads 81 | . . 73 8 Legs . | . . . . Wheels 515 | 2 216 297 . Hover . | . . . . Flight . | . . . . Fastest Speed 90 | 90 90 110 160 Average Speed 121 | 90 104 131 160 Slowest Speed 160 | 90 125 160 160 Overloaded Moves . | . . . . Propulsion Burnouts . | . . . . Robots Hopped . | . . . . Cave-ins Triggered . | . . . . Exploration Rate (%) 15 | 1 31 26 5 Regions Visited 3 Branch Regions 1 Pre-discovered Areas . | . . . . Known Exits Taken . | . . . . Unknown Exits Taken 3 | 1 1 1 . Scrap Searched . | . . . . Spaces Dug . | . . . . Terrain Destroyed 26 | . . . 26 Melee . | . . . . Projectile . | . . . . AOE 26 | . . . 26 Terrain Rammed . | . . . . Walls Destroyed . | . . . . Machines Disabled . | . . . . Actions | -11 -10 -9 -9 --------- Run | Scr Mat Mat Min Total 714 | 3 226 465 20 Wait 38 | . . 38 . Move 593 | 1 215 369 8 Hop . | . . . . Pick Up 15 | . 1 14 . Fast Attach 3 | . 1 2 . Attach 6 | . 2 3 1 Detach 1 | . 1 . . Swap 5 | 2 . 3 . Drop 2 | . . 2 . Fire 45 | . 6 32 7 Melee . | . . . . Ram 5 | . . 2 3 Kick . | . . . . Crush 1 | . . . 1 Escape Stasis . | . . . . Rewire . | . . . . Trap . | . . . . Miscellaneous . | . . . . Route ------- -11/Scrapyard -10/Materials -9/Materials -9/Mines History --------- Turn | Location | Event 4 | -11/Scrapyard | Discovered new exit (range 1) 5 | -11/Scrapyard | Entered Materials 244 | -10/Materials | Discovered new exit (range 4) 253 | -10/Materials | Entered another Materials area 253 | -9/Materials | Evolved 2 slots: Utility x2 308 | -9/Materials | Build established: Mutant 849 | -9/Materials | Discovered new exit (range 16) 896 | -9/Materials | Entered Mines 897 | -9/Mines | Assembled infested the area 923 | -9/Mines | Core integrity fell below 50% 931 | -9/Mines | Core integrity fell below 20% 937 | -9/Mines | Destroyed by as-86220 with Assembled Blade Last Messages --------------- GOAL=ESCAPE 00897_ ALERT: Infestation in the mines, dispatching Demolisher response squad. 00899_ T-07 Excavator destroyed. 00911_ EM Pulse Gun destroyed. 00917_ as-68100 destroyed. 00917_ Med. Laser destroyed. 00917_ Lgt. Armor Plating destroyed. 00918_ as-89936 destroyed. 00920_ as-95342 destroyed. 00921_ as-41761 destroyed. 00922_ Lgt. Treads destroyed. 00922_ as-23706 destroyed. 00924_ as-86119 destroyed. 00924_ as-73420 destroyed. 00925_ Ion Engine destroyed. 00926_ Slammed into as-86220. 00927_ Grenade Launcher destroyed. 00927_ Lgt. Treads destroyed. 00929_ Slammed into as-86220. Map ----- +----------------------------------------------------+ | | | | | | | | | | | | | | | | | | | | | | | | | | | | | | | | | ?????????????????????????????????? | | ?????????????????????????????????? | | ?????????????????????????????????? | | ????####?????????????????????????? | | ???## ##????????????????????????? | | ???# #????????????????????????? | | ???# ##???????????????????????? | | ???## ###?????????????????????? | | ???## ##????????????????????? | | ???# @a #????????????????????? | | ???# ##????????????????????? | | ???## #????????????????????? | | ????# #????????????????????? | | ????# a ???????????????????? | | ????# #?????????????????? | | ????### #????????????????? | | ??????# a = #???????????????? | | ??????## % #??????????????? | | ???????# #?????????????? | | ???????# # ?????????????? | | ???????### ##### ?????????????? | | ??????????###????# ??????????????? | | ?????????????????????????????????? | | ?????????????????????????????????? | | ?????????????????????????????????? | | ?????????????????????????????????? | | ?????????????????????????????????? | | ?????????????????????????????????? | | ?????????????????????????????????? | | ?????????????????????????????????? | | ?????????????????????????????????? | | ?????????????????????????????????? | | ?????????????????????????????????? | | ?????????????????????????????????? | +----------------------------------------------------+ Best States ------------- Heat Dissipation 38 Energy Generation 10 Energy Capacity 250 Matter Stores 300 Matter Capacity 300 Sight Range 16 Terrain Scan Density 10 Armor Coverage 150 Evasion (%) 42 Recoil Reduction 2 Item Schematics ----------------- None Robot Schematics ------------------ None Fabricated ------------ Nothing Alien Tech Used ----------------- None Achievements -------------- None Challenges ------------ None Game ------ Seed RelayLauncherEdition Manual? 0 Play Time 00:18:32 Cumulative 28.1 hours Start 2022.04.10 @ 13:59:58 End 2022.04.10 @ 14:19:42 Sessions 1 Manual Loads 0 Difficulty Rogue Special Mode None Game No. 38 Rogue 25 Adventurer 0 Explorer 13 Win Type - Total 0 Types 0/0/0/0/0/0/0/0/0 Lore% 23 Gallery% 23 Achievement% 20 Wizard Run 0 Options --------- ASCII 1 Keyboard 1 Movement Numpad Keybinds 0 Fullscreen 1 Font 18/SmallcapsGlow Map View 76x50 Tactical HUD 1 Map Filters NONE Filters NONE Steam 1 RUN: 6e9996e6-7f8c-4217-a183-6b597d3fa588